 Dungeon Crawl Stone Soup version 0.27-a0-1358-ga0a28fc8c3 (webtiles) character file.

Game seed: 17224321073415658212

7012 Delamore the Slicer (level 11, -6/74 HPs)
             Began as an Octopode Brigand on June 28, 2021.
             Was an Initiate of Gozag.
             Killed from afar by a gargoyle (23 damage)
             ... with a stone arrow
             ... on level 9 of the Dungeon.
             The game lasted 00:11:25 (10342 turns).

Delamore the Slicer (Octopode Brigand)             Turns: 10342, Time: 00:11:26

Health: -6/74      AC:  1    Str: 11    XL:     11   Next: 8%
Magic:  20/20      EV: 17    Int: 19    God:    Gozag
Gold:   674        SH:  0    Dex: 19    Spells: 10/10 levels left

rFire    . . .     SeeInvis +   r - +5 rapier (elec)
rCold    . . .     Faith    .   (no shield)
rNeg     . . .     Spirit   .   (helmet restricted)
rPois    .         Reflect  .   t - amulet of regeneration
rElec    .         Harm     .   s - +6 ring of intelligence
rCorr    .         Rampage  .   x - ring of magical power
Will     .....                  z - ring of see invisible
Stlth    ++++++....             (no ring)
HPRegen  1.22/turn              (no ring)
MPRegen  0.17/turn              (no ring)
                                (no ring)
                                (no ring)

@: gold aura, studying Throwing
A: almost no armour, amphibious, 8 rings, camouflage 1, gelatinous body 1,
(nimble swimmer 1), tentacles, tentacle spike 1, agile 1
a: Renounce Religion, Potion Petition, Call Merchant, Bribe Branch


You were on level 9 of the Dungeon.
You worshipped Gozag.
Gozag was pleased with you.
You visited 2 branches of the dungeon, and saw 11 of its levels.

You collected 2506 gold pieces.
You spent 1237 gold pieces at shops.
You paid 595 gold pieces to Gozag.

Inventory:

Hand Weapons
 a - a +2 dagger
 l - a +0 dagger of venom
 o - a +2 short sword of venom
 r - a +5 rapier of electrocution (weapon)
Missiles
 b - 59 poisoned darts
 c - 9 curare-tipped darts (quivered)
 k - 7 boomerangs of dispersal
 m - 6 javelins
 u - 3 atropa-tipped darts
Jewellery
 g - an amulet of faith
 s - a +6 ring of intelligence (left tentacle)
 t - an amulet of regeneration (around mantle)
 x - a ring of magical power (right tentacle)
 z - a ring of see invisible (on tentacle)
 H - an amulet of reflection
Wands
 v - a wand of iceblast (9)
 D - a wand of flame (11)
 G - a wand of digging (6)
Scrolls
 h - 2 scrolls of holy word
 j - a scroll of fear {unknown}
 n - 2 scrolls of vulnerability
 p - 2 scrolls of immolation
 q - 2 scrolls of fog {unknown}
 w - 2 scrolls of teleportation
 y - a scroll of summoning
 F - a scroll of amnesia {unknown}
 J - a scroll of identify
Potions
 d - a potion of cancellation
 e - a potion of might
 f - 9 potions of heal wounds
 i - a potion of attraction
 A - 2 potions of curing
 B - a potion of haste
 C - a potion of berserk rage
 E - a potion of invisibility
Miscellaneous
 I - a lightning rod (4/4)


   Skills:
 + Level 6.6 Fighting
 + Level 10.5 Short Blades
 - Level 6.0 Throwing
 + Level 6.6 Dodging
 - Level 10.0 Stealth
 - Level 5.0 Evocations


You had 10 spell levels left.
You didn't know any spells.
Your spell library contained the following spells:

 Spells                   Type           Power      Damage    Failure   Level
 Foxfire                  Conj/Fire      0%         2x1d4     21%         1
 Freeze                   Ice            0%         1d3       21%         1
 Magic Dart               Conj           0%         1d3       21%         1
 Corpse Rot               Necr/Air       N/A        N/A       30%         2
 Searing Ray              Conj           0%         3d3       30%         2
 Sublimation of Blood     Necr           0%         N/A       30%         2
 Conjure Flame            Conj/Fire      0%         6-21      52%         3
 Dazzling Flash           Conj/Hex       0%         N/A       52%         3
 Frozen Ramparts          Ice            0%         1d2       52%         3
 Inner Flame              Hex/Fire       0%         N/A       52%         3
 Ozocubu's Armour         Ice            0%         N/A       52%         3
 Dispel Undead            Necr           0%         3d6       90%         4
 Fulminant Prism          Conj/Hex       0%         3d6       90%         4
 Hailstorm                Conj/Ice       0%         3d3       90%         4
 Iskenderun's Mystic Bla  Conj/Tloc      0%         2d3       90%         4
 Sticky Flame             Conj/Fire      0%         2d3       90%         4
 Agony                    Necr           0%         N/A       99%         5
 Excruciating Wounds      Necr           0%         N/A       99%         5
 Fireball                 Conj/Fire      0%         3d3       99%         5
 Metabolic Englaciation   Hex/Ice        0%         N/A       99%         5


Dungeon Overview and Level Annotations

Branches:
Dungeon (10/15)            Temple (1/1) D:4
   Lair: D:8-11         Orc: D:9-12

Altars:
Cheibriados
Elyvilon
Fedhas
Gozag
Hepliaklqana
Makhleb
Nemelex Xobeh
Qazlal
Sif Muna
Trog
Uskayaw
Vehumet
Wu Jian
Yredelemnul
Zin
The Shining One

Shops:
D:2 [   D:4 *   D:6 (   D:8 !

Annotations:
D:4 3 runed translucent doors, WhatIsLove's ghost, amateur HOMo


Innate Abilities, Weirdness & Mutations

You cannot wear most types of armour.
You are amphibious.
You can wear up to eight rings at the same time.
Your skin changes colour to match your surroundings (Stealth+).
Your rubbery body absorbs attacks. (AC +1, EV +1)
((You are camouflaged near water. (Stealth+)))
You have tentacles for arms and can constrict up to eight enemies at once.
One of your tentacles bears a spike.
You are agile. (Dex +2)


Message History

You hit the gargoyle but do no damage.
You pierce the gargoyle, but do no damage.
You squeeze the gargoyle, but do no damage.
The gargoyle is severely damaged.
You constrict the gargoyle, but do no damage.
The gargoyle hits you with a +0 morningstar!!
You hit the gargoyle but do no damage.
The gargoyle is severely damaged.
You constrict the gargoyle, but do no damage.
You hit the gargoyle but do no damage.
You pierce the gargoyle, but do no damage.
You squeeze the gargoyle, but do no damage.
The gargoyle is severely damaged.
You constrict the gargoyle.
The gargoyle hurls a stone arrow at you.
The stone arrow hits you.
You hit the gargoyle.
The gargoyle is almost destroyed.
You constrict the gargoyle, but do no damage.
The gargoyle is distracted by your dazzling golden aura.
You hit the gargoyle.
The gargoyle is no longer distracted by gold.
You pierce the gargoyle, but do no damage.
You squeeze the gargoyle, but do no damage.
The gargoyle is almost destroyed.
You constrict the gargoyle, but do no damage.
You hit the gargoyle but do no damage.
You squeeze the gargoyle, but do no damage.
The gargoyle is almost destroyed.
You constrict the gargoyle, but do no damage.
The gargoyle hits you with a +0 morningstar!
* * * LOW HITPOINT WARNING * * *
You hit the gargoyle but do no damage.
You pierce the gargoyle, but do no damage.
The gargoyle is almost destroyed.
You constrict the gargoyle, but do no damage.
The gargoyle hurls a stone arrow at you.
The stone arrow hits you!!
You die...
Your body crumbles into a pile of gold.

#..........# #.#.............
#..........# #.#.............
#..........#####.#.............
#..............................
#.........######.#.............
#............# #.##############
#..........#.# #.# #.....
#...........^###.# #####.....
#..........###@9.# #...#.....
#..........# #$### #...#.....
#..........# #.# #...#.....
#.>........# #.# ####...#.....
#..........###.####..'...'.....
#................<#.##...#.....
########'#####.##.#.##...#.....
########....#.....#.##...###..#
#.........#.#.....#.###### ##.#


You could see a gargoyle.

Vanquished Creatures
  A two-headed ogre (D:10)
  An unseen horror (D:10)
  A troll (D:7)
  A vampire (D:10)
  11 yaks
  3 steam dragons
  4 humans (D:9)
  Edmund (D:9)
  A water moccasin (D:7)
  An orc warrior (D:9)
  A sky beast (D:6)
  3 black bears
  2 ice beasts (D:7)
  2 ogres
  2 kobold brigands
  3 bullfrogs
  6 scorpions
  A wyvern skeleton (D:6)
  11 killer bees
  6 howler monkeys
  A gnoll shaman (D:8)
  4 orc priests
  A centaur skeleton (D:6)
  3 hounds
  2 jellies
  A bullfrog skeleton (D:5)
  An iguana (D:6)
  Ijyb (D:9)
  2 orc wizards
  A hound skeleton (D:5)
  A howler monkey zombie (D:7)
  7 gnolls
  A howler monkey skeleton (D:6)
  6 adders
  A shadow imp (D:8)
  2 ufetubi (D:4)
  A worm (D:5)
  24 orcs
  6 endoplasms
  6 giant cockroaches
  8 goblins
  5 hobgoblins
  7 jackals
  15 kobolds
  3 quokkas
  7 ball pythons
  6 bats
  5 frilled lizards
  4 rats
194 creatures vanquished.

Vanquished Creatures (others)
  3 kobolds (D:5)
  A fungus (D:4)
  3 plants (D:4)
7 creatures vanquished.

Grand Total: 201 creatures vanquished

Notes
Turn   | Place    | Note
-------+----------+-------------------------------------------
     0 | D:1      | Delamore the Octopode Brigand began the quest for the Orb.
     0 | D:1      | Reached XP level 1. HP: 14/14 MP: 1/1
   225 | D:1      | Reached XP level 2. HP: 18/19 MP: 2/2
   616 | D:1      | Found a faded altar of an unknown god.
  1340 | D:1      | Reached XP level 3. HP: 25/25 MP: 3/3
  1441 | D:1      | Noticed a troll
  1441 | D:1      | Noticed an ogre
  1441 | D:1      | Noticed an ogre
  1441 | D:1      | Noticed an ogre
  1441 | D:1      | Noticed an ogre
  1890 | D:2      | Found Itsys's Antique Armour Boutique.
  2298 | D:2      | Reached XP level 4. HP: 30/30 MP: 4/4
  3116 | D:3      | Noticed an ogre
  3556 | D:3      | Reached XP level 5. HP: 29/36 MP: 5/5
  4524 | D:4      | Reached XP level 6. HP: 23/42 MP: 6/6
  4753 | D:4      | Found a runed translucent gate.
  4754 | D:4      | Found a runed translucent gate.
  4755 | D:4      | Found a runed translucent gate.
  4755 | D:4      | Noticed WhatIsLove's ghost (amateur HOMo)
  5250 | D:4      | Found a staircase to the Ecumenical Temple.
  5258 | Temple   | Entered the Ecumenical Temple
  5265 | Temple   | Became a worshipper of Gozag Ym Sagoz the Greedy
  5290 | D:4      | Found Lokhlarch's Lightly-Used Armoury.
  5597 | D:5      | Entered Level 5 of the Dungeon
  5600 | D:5      | Reached XP level 7. HP: 48/48 MP: 7/7
  5728 | D:5      | Noticed a steam dragon
  6231 | D:4      | Gained mutation: You are agile. (Dex +2) [potion of
                  | mutation]
  6231 | D:4      | Gained mutation: One of your tentacles bears a spike.
                  | [potion of mutation]
  6232 | D:4      | HP: 1/49 [steam dragon] (4)]
  6232 | D:4      | Killed a steam dragon
  6544 | D:4      | Reached skill level 5 in Fighting
  6544 | D:4      | Reached skill level 5 in Short Blades
  6544 | D:4      | Reached XP level 8. HP: 22/55 MP: 8/8
  7402 | D:6      | Reached skill level 10 in Stealth
  7760 | D:6      | Identified a scroll of acquirement
  7761 | D:6      | Acquired 883 gold pieces
  7765 | D:6      | Bought a +5 rapier of electrocution for 592 gold pieces
  7768 | D:7      | Noticed a troll
  7779 | D:7      | Killed a troll
  7780 | D:7      | Reached XP level 9. HP: 21/61 MP: 9/9
  8151 | D:7      | Found a basalt altar of Yredelemnul.
  8316 | D:8      | Reached skill level 10 in Short Blades
  8509 | D:8      | Reached skill level 1 in Evocations
  8553 | D:8      | Found Alezayto's Distillery.
  8851 | D:9      | Reached XP level 10. HP: 66/66 MP: 10/10
  8867 | D:9      | Reached skill level 5 in Throwing
  8881 | D:8      | Bought a potion of heal wounds for 75 gold pieces
  8881 | D:8      | Bought a potion of heal wounds for 75 gold pieces
  8881 | D:8      | Bought a potion of heal wounds for 75 gold pieces
  8881 | D:8      | Bought a potion of curing for 45 gold pieces
  8881 | D:8      | Bought 2 potions of heal wounds for 150 gold pieces
  8881 | D:8      | Bought a potion of haste for 150 gold pieces
  8881 | D:8      | Bought a potion of berserk rage for 75 gold pieces
  9050 | D:9      | Noticed Ijyb
  9050 | D:9      | Noticed Edmund
  9057 | D:9      | Killed Edmund
  9087 | D:9      | Killed Ijyb
  9096 | D:9      | Reached skill level 5 in Evocations
  9103 | D:9      | Reached skill level 5 in Dodging
  9718 | D:9      | Acquired a manual of Throwing
  9840 | D:10     | Entered Level 10 of the Dungeon
  9950 | D:10     | Noticed an unseen horror
  9957 | D:10     | Killed an unseen horror
 10098 | D:10     | Noticed a two-headed ogre
 10128 | D:10     | Killed a two-headed ogre
 10129 | D:10     | Reached XP level 11. HP: 53/73 MP: 11/11
 10342 | D:9      | Killed from afar by a gargoyle

Illustrated notes

Levels and vault maps discovered:
D:1:      erik_arrival_cave_to_civilisation [erik_arrival_cave_to_temple],
          layout_basic, basic_ecumenical_altar
D:2:      layout_basic, serial_shops, nicolae_shop_behind_doors, st_stairs_3
D:3:      layout_basic, wander_ebering_terrifying_dragon_lair
D:4:      layout_rooms, minmay_temple_entry_enclosed_plants,
          gammafunk_ghost_nasty_kobolds, minmay_shop_damaged,
          nicolae_zen_rock_garden
D:5:      layout_basic, hangedman_abyss_or_decor_passed
D:6:      layout_rooms, wad_floor_pattern_untrapped
D:7:      layout_rooms, kennysheep_little_box
D:8:      layout_rooms, serial_shops, nicolae_take_the_stairs,
          chequers_serial_rivers_small_3
D:9:      erik_cavepeople, layout_basic, minivault_24, minivault_10
D:10:     layout_basic
Temple:   dpeg_three_leaves_temple

Skill      XL: |  1  2  3  4  5  6  7  8  9 10 |
---------------+-------------------------------+-----
Stealth        | 6 7 8 10 | 10.0
Fighting       | 3 4 5 6 |  6.6
Short Blades   | 3 4 5 8 10 | 10.5
Throwing       | 3 4 6 |  6.0
Evocations     | 2 5 |  5.0
Dodging        | 2 6 |  6.6

Action                   |  1- 3 |  4- 6 |  7- 9 | 10-12 || total
-------------------------+-------+-------+-------+-------++-------
Melee: Dagger            |    76 |    95 |    75 |       ||   246
       Tentacles         |    14 |    22 |    29 |    32 ||    97
       Constrict         |    17 |    20 |    28 |    13 ||    78
       Kick              |       |       |    33 |    40 ||    73
       Rapier            |       |       |    82 |   109 ||   191
Throw: Dart              |       |    12 |     1 |     1 ||    14
       Javelin           |       |     2 |       |       ||     2
Invok: Call Merchant     |       |       |     1 |       ||     1
  Use: Scroll            |     5 |     2 |     5 |     2 ||    14
       Potion            |       |       |     2 |       ||     2
 Stab: Sleeping          |    15 |    11 |    18 |     4 ||    48
       Distracted        |       |       |     3 |     1 ||     4
Armor: Skin              |     1 |     6 |     7 |     2 ||    16
Dodge: Dodged            |    33 |    54 |   118 |    49 ||   254

Table legend: (Time is in decaauts)
 A = Elapsed time spent in this place.
 B = Non-inter-level travel time spent in this place.
 C = Inter-level travel time spent in this place.
 D = Time resting spent in this place.
 E = Time spent auto-exploring this place.
 F = Levels seen in this place.
 G = Mean time per level.
                   A        B        C        D        E       F      G
               +--------+--------+--------+--------+--------+-----+--------+
         Total |  10250 |   9823 |    427 |   2253 |   6291 |  11 |  931.8 |
       Dungeon |  10239 |   9818 |    421 |   2253 |   6289 |  10 | 1023.9 |
        Temple |     10 |      4 |      6 |      0 |      2 |   1 |   10.0 |
               +--------+--------+--------+--------+--------+-----+--------+

Top non-repeatable levels by time:
     D:4: 2002 daAuts
     D:1: 1639 daAuts
     D:2: 1551 daAuts
     D:3: 1308 daAuts
     D:9: 994 daAuts
     D:6: 789 daAuts
     D:8: 584 daAuts
     D:5: 501 daAuts
    D:10: 479 daAuts
     D:7: 389 daAuts
  Temple: 10 daAuts
